 Dungeon Crawl Stone Soup version 0.26.1-11-gd32895ea62 (webtiles) character file.

Game seed: 17679015669164540555

3995 MisterFreud the Grappler (level 10, -10/96 HPs)
             Began as a Troll Monk on June 16, 2021.
             Mangled by Grum
             ... wielding a -2 glaive
              (26 damage)
             ... on level 8 of the Dungeon.
             The game lasted 00:10:30 (6842 turns).

MisterFreud the Grappler (Troll Monk)               Turns: 6842, Time: 00:10:31

Health: -10/96     AC:  8    Str: 25    XL:     10   Next: 3%
Magic:  9/9        EV: 13    Int:  6    God:
Gold:   590        SH:  0    Dex: 21    Spells: 9/9 levels left

rFire    + . .     SeeInvis .     - Unarmed
rCold    . . .     Faith    .   (no shield)
rNeg     . . .     Spirit   .   y - +0 robe "Vuereo" {+Blink rPois Str+4}
rPois    +         Reflect  .   (helmet restricted)
rElec    .         Harm     .   t - +1 cloak {rPois}
rCorr    .         Rampage  .   (gloves unavailable)
Will     .....                  (boots unavailable)
Stlth    ++........             (no amulet)
HPRegen  0.66/turn              H - ring of protection from fire
MPRegen  0.11/turn              E - +6 ring of dexterity

@: no status effects
A: large, unfitting armour, claws 3, regeneration 1, shaggy fur 1, tough skin 3
a: Evoke Blink


You were on level 8 of the Dungeon.
You visited 2 branches of the dungeon, and saw 9 of its levels.
You also visited: Ossuary.

You collected 590 gold pieces.

Inventory:

Missiles
 n - 20 boomerangs (quivered)
 D - 6 large rocks
Armour
 a - a +0 robe
 t - a +1 cloak of poison resistance (worn)
 y - the +0 robe "Vuereo" (worn) {+Blink rPois Str+4}
   (You found it on level 4 of the Dungeon)

   It affects your strength (+4).
   It protects you from poison.
   It lets you blink.
Jewellery
 C - an uncursed ring of see invisible
 E - a +6 ring of dexterity (right claw)
 H - a ring of protection from fire (left claw)
 J - an uncursed ring of magical power
Wands
 u - a wand of random effects (19)
 w - a wand of digging (9)
 F - a wand of flame (31)
 I - a wand of paralysis (7)
Scrolls
 b - 5 scrolls of blinking
 d - 2 scrolls of amnesia {unknown}
 e - 5 scrolls of remove curse
 g - 4 scrolls of magic mapping {unknown}
 h - 4 scrolls of fog
 m - 2 scrolls of random uselessness {unknown}
 s - 3 scrolls of teleportation {unknown}
 v - a scroll of fear {unknown}
 A - 2 scrolls of enchant armour {unknown}
 B - a scroll of enchant weapon {unknown}
 K - 3 scrolls of immolation {unknown}
Potions
 c - 4 potions of heal wounds
 f - a potion of berserk rage
 i - a potion of magic
 j - 4 potions of curing {unknown}
 k - 3 potions of flight {unknown}
 l - 5 potions of lignification {unknown}
 o - 7 potions of haste {unknown}
 q - 2 potions of attraction {unknown}
 r - 4 potions of might {unknown}
 x - 2 potions of degeneration {unknown}
 z - a potion of mutation
 G - a potion of ambrosia


   Skills:
 - Level 5.0 Fighting
 + Level 6.1 Throwing
 - Level 5.0 Dodging
 - Level 1.0 Stealth
 + Level 9.4 Unarmed Combat
 - Level 4.0 Evocations


You had 9 spell levels left.
You didn't know any spells.
Your spell library was empty.

Dungeon Overview and Level Annotations

Branches:
Dungeon (8/15)             Temple (1/1) D:5         Ossuary (visited)
   Lair: D:8-11

Altars:
Ashenzari
Cheibriados
Dithmenos
Elyvilon
Gozag
Hepliaklqana
Kikubaaqudgha
Makhleb
Nemelex Xobeh
Okawaru
Qazlal
Ru
Sif Muna
Trog
Uskayaw
Vehumet
Wu Jian
Xom
Yredelemnul
Zin
The Shining One
Lugonu

Annotations:
D:8 Grum


Innate Abilities, Weirdness & Mutations

You are too large for most types of armour.
You have claws for hands.
Your natural rate of healing is unusually fast.
You are covered in fur. (AC +1)
You have extremely tough skin. (AC +3)


Message History

Grum barely misses you. The wolf bites you but does no damage.
You barely miss the wolf.
The wolf is moderately wounded.
The wolf bites you but does no damage. x2; The wolf bites you.
Grum closely misses you. The wolf barely misses you.
You claw the wolf!
You kill the wolf!
The wolf barely misses you. The wolf bites you. The wolf closely misses you.
The wolf bites you. The wolf bites you. x2
* * * LOW HITPOINT WARNING * * *
The wolf closely misses you. The wolf bites you.
* * * LOW HITPOINT WARNING * * *
The wolf bites you.
* * * LOW HITPOINT WARNING * * *
Okay, then.
You fail to use your ability.
The wolf barely misses you. The wolf misses you.
Grum hits you from afar with a -2 glaive!!
You die...

..................###
..................##
.................#.## ##.
#............##..# .>
#...............# ##.
#.......#....#..#
..##.†####..##..>..#..###
.....#hh#....#.....####
.......gh@..#......##
!..#.......##...####
#.......###### ##.##.....
## ##...## #...# ##.##
###


You could see Grum, 2 wolves and a howler monkey.

Vanquished Creatures
  Pikel (D:5)
  Sigmund (D:6)
  2 wraiths (Ossuary)
  A water moccasin (D:6)
  Duvessa (D:4)
  An orc warrior (D:8)
  2 ice beasts
  A phantom (D:4)
  3 centaurs
  3 ogres
  A wolf (D:8)
  A lemure (D:5)
  Blork the orc (D:4)
  An elf skeleton (D:4)
  2 bullfrogs
  2 scorpions (D:7)
  Dowan (D:4)
  7 wights
  2 howler monkeys
  A centaur zombie (D:7)
  2 hounds
  Crazy Yiuf (D:3)
  A jelly (D:7)
  4 orc wizards
  2 human skeletons (D:4)
  5 orc priests
  A centaur skeleton (D:7)
  An iguana (D:6)
  Ijyb (D:4)
  Natasha (thrice) (D:2)
  8 worker ants
  10 gnolls
  7 adders
  3 shadow imps
  2 oozes
  2 adder skeletons
  An adder zombie (Ossuary)
  2 worms
  A dart slug (D:1)
  5 leopard geckos
  28 orcs
  2 ball pythons
  8 giant cockroaches
  9 hobgoblins
  11 jackals
  4 quokkas
  2 ball python skeletons (Ossuary)
  8 bats
  6 frilled lizards
  8 goblins
  3 hobgoblin skeletons (Ossuary)
  7 kobolds
  A kobold zombie (Ossuary)
  2 orc skeletons (D:4)
  2 orc zombies
  13 rats
211 creatures vanquished.

Vanquished Creatures (others)
  2 fungi (D:3)
  5 toadstools (D:5)
7 creatures vanquished.

Grand Total: 218 creatures vanquished

Notes
Turn   | Place    | Note
-------+----------+-------------------------------------------
     0 | D:1      | MisterFreud the Troll Monk began the quest for the Orb.
     0 | D:1      | Reached XP level 1. HP: 22/22 MP: 0/0
   152 | D:1      | Reached XP level 2. HP: 29/29 MP: 1/1
   408 | D:1      | Reached skill level 4 in Unarmed Combat
   833 | D:2      | Reached XP level 3. HP: 33/36 MP: 2/2
   936 | D:2      | Noticed an ogre
   941 | D:2      | Killed an ogre
   942 | D:2      | Reached skill level 5 in Unarmed Combat
   942 | D:2      | Reached XP level 4. HP: 44/44 MP: 3/3
  1109 | D:2      | Noticed Natasha
  1116 | D:2      | Killed Natasha
  1117 | D:2      | Reached XP level 5. HP: 35/50 MP: 4/4
  1170 | D:2      | Reached skill level 1 in Throwing
  1287 | D:2      | Noticed Natasha
  1292 | D:2      | Killed Natasha
  1394 | D:2      | Noticed Natasha
  1400 | D:2      | Killed Natasha
  1401 | D:2      | Reached skill level 6 in Unarmed Combat
  1517 | D:2      | Found a shimmering altar of Xom.
  1940 | D:3      | Reached XP level 6. HP: 59/59 MP: 5/5
  2287 | D:3      | Found a runed translucent door.
  2288 | D:3      | Noticed Crazy Yiuf
  2507 | D:3      | Killed Crazy Yiuf
  2553 | D:4      | Found a shadowy altar of Dithmenos.
  2625 | D:4      | Noticed Ijyb
  2638 | D:4      | Killed Ijyb
  2651 | D:4      | Noticed Dowan
  2655 | D:4      | Noticed Duvessa
  2660 | D:4      | Killed Dowan
  2675 | D:4      | HP: 2/59 [Duvessa/+0 short sword (9)]
  2706 | D:4      | Killed Duvessa
  2707 | D:4      | Reached skill level 7 in Unarmed Combat
  2707 | D:4      | Reached XP level 7. HP: 15/66 MP: 6/6
  2930 | D:4      | Noticed Blork the orc
  2939 | D:4      | Killed Blork the orc
  3029 | D:4      | Reached skill level 8 in Unarmed Combat
  3031 | D:4      | Found a sand-covered staircase.
  3038 | Ossuary  | Entered an ossuary
  3142 | Ossuary  | Noticed a wraith
  3142 | Ossuary  | Noticed a flying skull
  3175 | Ossuary  | Noticed a flying skull
  3176 | Ossuary  | Noticed a flying skull
  3183 | Ossuary  | Noticed a wraith
  3192 | Ossuary  | Killed a wraith
  3193 | Ossuary  | Reached XP level 8. HP: 68/75 MP: 7/7
  3225 | Ossuary  | Noticed a flying skull
  3243 | Ossuary  | Noticed a flying skull
  3540 | D:4      | Got a heavy robe
  3551 | D:4      | Identified the +0 robe "Vuereo" {+Blink rPois Str+4} (You
                  | found it on level 4 of the Dungeon)
  3629 | D:4      | Found a broken altar of Ashenzari.
  3902 | D:5      | Entered Level 5 of the Dungeon
  3967 | D:5      | Found a stormy altar of Qazlal.
  3995 | D:5      | Found a burning altar of Makhleb.
  4004 | D:5      | Reached skill level 1 in Evocations
  4039 | D:5      | Found a glowing silver altar of Zin.
  4039 | D:5      | Noticed an angel
  4040 | D:5      | Noticed a cacodemon
  4160 | D:5      | Found an opulent altar of Gozag.
  4213 | D:5      | Found a staircase to the Ecumenical Temple.
  4234 | Temple   | Entered the Ecumenical Temple
  4288 | D:5      | Found a sparkling altar of Nemelex Xobeh.
  4891 | D:6      | Noticed Pikel
  4918 | D:5      | Killed Pikel
  4919 | D:5      | Reached skill level 5 in Fighting
  4919 | D:5      | Reached skill level 5 in Dodging
  4919 | D:5      | Reached XP level 9. HP: 71/88 MP: 8/8
  4978 | D:6      | Noticed Sigmund
  5009 | D:6      | Killed Sigmund
  5428 | D:6      | Found a bloodstained altar of Trog.
  5623 | D:7      | Reached skill level 5 in Throwing
  5716 | D:7      | Reached skill level 9 in Unarmed Combat
  5765 | D:7      | Found a hide-covered altar of Uskayaw.
  5765 | D:7      | Found a hazy altar of Hepliaklqana.
  5774 | D:7      | Found a bloodstained altar of Trog.
  5774 | D:7      | Found a sacrificial altar of Ru.
  6738 | D:8      | Found an ornate altar of the Wu Jian Council.
  6739 | D:8      | Found a glowing golden altar of the Shining One.
  6763 | D:8      | Reached XP level 10. HP: 72/96 MP: 9/9
  6827 | D:8      | Noticed Grum
  6842 | D:8      | Mangled by Grum

Illustrated notes

Levels and vault maps discovered:
D:1:      evilmike_arrival_fibonacci_small, layout_loops_ring,
          dk_noncrumbling_3, supply_closet_lemuel
D:2:      layout_loops_cross, marbit_many_paths, uniq_natasha
D:3:      layout_basic, uniq_crazy_yiuf_cottage
D:4:      layout_loops_ring, grunt_dithmenos_smoke, kennysheep_little_box,
          nicolae_ossuary_entry_catacombs, uniq_duvessa, uniq_blork_the_orc,
          uniq_ijyb
D:5:      layout_loops_corners, grunt_temple_overflow_order_and_chaos_2,
          nemelex_xobeh_ov_fountains_minmay, minmay_temple_entry_stoned_glass,
          basic_altar, minmay_statues_item, minmay_gold_behind_fungi,
          grunt_gozag_statues
D:6:      layout_cave_pools, trog_three_pillars_becter, uniq_pikel, uniq_sigmund
D:7:      layout_basic, nicolae_overflow_quartered_altars
D:8:      layout_cave_pools, chequers_temple_overflow_statue_of_worship,
          old_standard_altar, gammafunk_ghost_hive, uniq_maggie, uniq_harold,
          uniq_grum
Temple:   corrupted_temple

Skill      XL: |  1  2  3  4  5  6  7  8  9 |
---------------+----------------------------+-----
Unarmed Combat | 4 5 6 7 8 9 |  9.4
Throwing       | 2 3 4 6 |  6.1
Fighting       | 3 5 |  5.0
Dodging        | 3 5 |  5.0
Evocations     | 3 4 |  4.0
Stealth        | |  1.0

Action                   |  1- 3 |  4- 6 |  7- 9 | 10-12 || total
-------------------------+-------+-------+-------+-------++-------
Melee: Unarmed           |    59 |   192 |   317 |    14 ||   582
       Punch             |     1 |     8 |    12 |     1 ||    22
  Use: Potion            |       |     2 |       |       ||     2
       Scroll            |       |       |       |     7 ||     7
 Stab: Sleeping          |     1 |     5 |    13 |       ||    19
Armor: Robe              |    17 |    55 |    62 |     7 ||   141
Dodge: Dodged            |    31 |    78 |   138 |    30 ||   277
